 Dungeon Crawl Stone Soup version 0.29.0-11-gd7f09526c8 (webtiles) character file.

Game seed: 14645755546092652584

599 Zeldest the Cleaver (level 7, -3/64 HPs)
             Began as a Hill Orc Chaos Knight on Sept 6, 2022.
             Was a Plaything of Xom.
             Slain by Pikel
             ... wielding a +2 whip of electrocution
              (12 damage)
             ... on level 6 of the Dungeon.
             The game lasted 00:04:33 (3865 turns).

Zeldest the Cleaver (Hill Orc Chaos Knight)         Turns: 3865, Time: 00:04:34

Health: -3/64      AC: 17    Str: 17    XL:     7   Next: 41%
Magic:  7/7        EV:  7    Int: 12    God:    Xom [..*...]
Gold:   238        SH:  0    Dex:  8    Spells: 6/6 levels left

rFire   . . .      SeeInvis .   a - +1 flail (protect)
rCold   . . .      Faith    .   (no shield)
rNeg    + . .      Spirit   .   p - +0 chain mail
rPois   .          Reflect  .   F - +0 hat
rElec   .          Harm     .   K - +0 cloak
rCorr   .          Rampage  .   n - +0 pair of gloves
Will    +....                   (no boots)
Stlth   ..........              (no amulet)
HPRegen 0.20/turn               k - ring of positive energy
MPRegen 0.10/turn               y - ring of willpower

@: under a protective aura
A: clumsy 1
a: Renounce Religion


You were on level 6 of the Dungeon.
You worshipped Xom.
You were a toy of Xom.
You visited 1 branch of the dungeon, and saw 6 of its levels.

You collected 238 gold pieces.

Inventory:

Hand Weapons
 a - a +1 flail of protection (weapon)
Missiles
 h - 4 silver javelins
Armour
 n - a +0 pair of gloves (worn)
 p - a +0 chain mail (worn)
 F - a +0 hat (worn)
 K - a +0 cloak (worn)
Jewellery
 k - a ring of positive energy (left hand)
 u - a ring of fire
 x - the ring "Peemmi" {Fire *Slow rElec rCorr SInv}
   (You took it off a goblin on level 4 of the Dungeon)

   [ring of fire]

   It enhances your fire magic.
   rF:        It protects you from fire.
   rC:        It makes you vulnerable to cold.
   rElec:     It insulates you from electricity.
   SInv:      It lets you see invisible.
   rCorr:     It protects you from acid and corrosion.
   *Slow:     It may slow you when you take damage.
 y - a ring of willpower (right hand)
 D - a +6 ring of dexterity
Wands
 z - a wand of polymorph (3)
 I - a wand of roots (12)
Scrolls
 e - a scroll of noise {unknown}
 l - a scroll of fear {unknown}
 m - a scroll of enchant weapon {unknown}
 q - a scroll of fog {unknown}
 r - 2 scrolls of blinking {unknown}
 s - 4 scrolls of silence {unknown}
 t - a scroll of vulnerability {unknown}
 v - 2 scrolls of poison {unknown}
 A - a scroll of magic mapping {unknown}
 B - a scroll of teleportation {unknown}
 G - 3 scrolls of enchant armour {unknown}
 J - a scroll of amnesia {unknown}
Potions
 b - 2 potions of magic {unknown}
 d - a potion of degeneration {unknown}
 f - 2 potions of mutation {unknown}
 g - a potion of haste {unknown}
 i - a potion of berserk rage {unknown}
 j - a potion of heal wounds {unknown}
 o - a potion of lignification {unknown}
 w - a potion of flight {unknown}
 C - a potion of might {unknown}
 E - a potion of attraction {unknown}
 H - a potion of brilliance {unknown}
Miscellaneous
 c - a piece from Xom's chessboard (15/15) (quivered)


   Skills:
 + Level 6.4 Fighting
 * Level 9.2 Axes
 - Level 2.1 Armour
 - Level 0.7 Dodging


You had 6 spell levels left.
You didn't know any spells.
Your spell library contained the following spells:

 Spells                   Type           Power      Damage    Failure   Level
 Poisonous Vapours        Pois/Air       0%         N/A       100%        2
 Ignite Poison            Fire/Tmut/Pois 0%         N/A       100%        3
 Inner Flame              Hex/Fire       0%         N/A       100%        3
 Mephitic Cloud           Conj/Pois/Air  0%         N/A       100%        3
 Ozocubu's Armour         Ice            0%         N/A       100%        3
 Cause Fear               Hex            0%         N/A       100%        4
 Corpse Rot               Necr/Pois/Air  0%         N/A       100%        4
 Freezing Cloud           Conj/Ice/Air   0%         6-21      100%        5
 Ozocubu's Refrigeration  Ice            0%         4d7       100%        7
 Discord                  Hex            0%         N/A       100%        8


Dungeon Overview and Level Annotations

Branches:
Dungeon (6/15) Zot: 26486
 Temple: D:4-7

Altars:
Cheibriados
Fedhas
Kikubaaqudgha
Zin

Shops:
D:5 [

Annotations:
D:6 Pikel


Innate Abilities, Weirdness & Mutations

You are clumsy. (Dex -2)


Message History

You are too injured to fight recklessly!
You are too injured to fight recklessly!
You are too injured to fight recklessly!
You are too injured to fight recklessly!
You are too injured to fight recklessly!
You are too injured to fight recklessly!
You hit Pikel but do no damage.
Pikel is heavily wounded.
Xom opens a gate.
Pikel barely misses you.
Your crimson imp hits the lemure but does no damage.
You barely miss Pikel.
Pikel is heavily wounded.
Pikel hits you with a +2 whip of electrocution!
Your crimson imp closely misses the lemure.
You barely miss Pikel.
Pikel is heavily wounded.
Your ufetubus hits Pikel but does no damage.
Your ufetubus closely misses Pikel.
Pikel hits you with a +2 whip of electrocution.
Your ufetubus closely misses Pikel. x2
Your crimson imp barely misses the lemure.
You barely miss Pikel.
Pikel is heavily wounded.
Your ufetubus barely misses Pikel.
Your ufetubus hits Pikel but does no damage.
Pikel hits you with a +2 whip of electrocution.
You are electrocuted!
* * * LOW HITPOINT WARNING * * *
Your crimson imp hits the lemure but does no damage.
Your ufetubus completely misses Pikel.
Your ufetubus barely misses Pikel.
You sock Pikel!
Pikel is severely wounded.
Your ufetubus hits Pikel but does no damage.
Your ufetubus closely misses Pikel.
Pikel hits you with a +2 whip of electrocution!
* * * LOW HITPOINT WARNING * * *
You are electrocuted!
You die...
Xom giggles madly!

#.... #. #.# #. #.# #. ...
#5## #.#.# 55# #. .# #5#
#. .# #. #K###########. .#
#.# #@5........... .# #.#
#####.###...∆ ....
###########5..#.# [#.#
##..............# ...#
......#####.#...#.#
#.###.##.#.# #.##.###>#
##....###.#.#####†##.#
####
.....###.......##.#.#..h..
.....# #.......##..###.. ∆


You could see Pikel (ally target), 3 lemures, a friendly crimson imp (summoned)
and a friendly ufetubus (summoned).

Vanquished Creatures
  An ogre (D:5)
  A lemure (D:6)
  A phantom (D:5)
  2 hounds
  2 iguanas
  An orc wizard (D:4)
  4 adders
  A shadow imp (D:5)
  2 worms (D:2)
  6 dart slugs
  5 orcs
  7 ball pythons
  4 endoplasms
  5 giant cockroaches
  8 goblins
  6 hobgoblins
  7 jackals
  4 quokkas
  2 bats (D:1)
  A frilled lizard (D:1)
  4 kobolds
  A rat (D:4)
75 creatures vanquished.

Vanquished Creatures (collateral kills)
  A phantom (D:6)
  A bullfrog (D:6)
  4 gnolls (D:6)
6 creatures vanquished.

Vanquished Creatures (others)
  7 plants (D:4)
7 creatures vanquished.

Grand Total: 88 creatures vanquished

Notes
Turn   | Place    | Note
-------+----------+-------------------------------------------
     0 | D:1      | Zeldest the Hill Orc Chaos Knight began the quest for the
                  | Orb.
     0 | D:1      | Reached XP level 1. HP: 19/19 MP: 1/1
    27 | D:1      | Found a faded altar of an unknown god.
    40 | D:1      | XOM: silly message
    44 | D:1      | Reached XP level 2. HP: 27/27 MP: 2/2
   198 | D:1      | Reached skill level 5 in Axes
   251 | D:1      | XOM: divination: magic mapping
   252 | D:1      | Reached XP level 3. HP: 33/33 MP: 3/3
   500 | D:2      | XOM: smoke on damage
   710 | D:2      | XOM: cast spell 'Summon Small Mammal'
   897 | D:2      | Reached XP level 4. HP: 40/41 MP: 4/4
   991 | D:2      | XOM: smoke on damage
  1294 | D:2      | XOM: give mutations
  1294 | D:2      | Gained mutation: You are weak. (Str -2) [Xom's mischief]
  1294 | D:2      | Gained mutation: You are clumsy. (Dex -2) [Xom's mischief]
  1294 | D:2      | Lost mutation: You are weak. (Str -2) [Xom's mischief]
  1362 | D:3      | Found a glowing silver altar of Zin.
  1478 | D:3      | XOM: 4-stop teleportation journey
  1488 | D:4      | XOM: god gift: 35 gold pieces
  1494 | D:4      | XOM: 1-stop teleportation journey
  1595 | D:4      | Reached skill level 6 in Axes
  1605 | D:4      | XOM: 1-stop teleportation journey
  1793 | D:4      | Found an ancient bone altar of Kikubaaqudgha.
  1796 | D:4      | Found a snail-covered altar of Cheibriados.
  2003 | D:4      | Identified the ring "Peemmi" {Fire *Slow rElec rCorr SInv}
  2035 | D:4      | Reached XP level 5. HP: 26/47 MP: 5/5
  2216 | D:4      | XOM: cleaving
  2221 | D:4      | Reached skill level 5 in Fighting
  2291 | D:4      | XOM is BORED!
  2291 | D:4      | XOM: stat loss: -1 Int (11/12)
  2498 | D:4      | XOM: stat loss: -1 Str (16/17)
  2571 | D:5      | Entered Level 5 of the Dungeon
  2630 | D:5      | Noticed a phantom
  2643 | D:5      | XOM: swap monsters
  2649 | D:5      | Killed a phantom
  2650 | D:5      | Reached skill level 7 in Axes
  2650 | D:5      | Reached XP level 6. HP: 54/56 MP: 6/6
  2687 | D:5      | XOM: enchant monster (bad)
  2732 | D:5      | XOM: silly message
  2827 | D:5      | XOM: divination: detect creatures
  2833 | D:5      | Reached skill level 8 in Axes
  2837 | D:5      | XOM: god gift: book of Vapours
  2872 | D:5      | XOM: 1-stop teleportation journey
  2882 | D:5      | XOM: god gift: smoky pink potion {god gift}
  3004 | D:5      | XOM: enchant monster (good)
  3072 | D:5      | Found a blossoming altar of Fedhas.
  3086 | D:5      | Found Erchi Hoa's Armour Shop.
  3415 | D:6      | XOM: cast spell 'Summon Cactus Giant'
  3437 | D:6      | XOM: 1-stop teleportation journey
  3448 | D:6      | Reached XP level 7. HP: 20/63 MP: 7/7
  3451 | D:6      | XOM: 3-stop teleportation journey
  3689 | D:6      | XOM: cast spell 'Olgreb's Toxic Radiance'
  3692 | D:6      | XOM: summons friendly crimson imp
  3708 | D:6      | Reached skill level 9 in Axes
  3846 | D:6      | Noticed Pikel
  3848 | D:6      | XOM: divination: detect items
  3861 | D:6      | XOM: summons friendly ufetubus
  3865 | D:6      | Slain by Pikel

Illustrated notes

Levels and vault maps discovered:
D:1:      erik_arrival_orb_chamber, layout_basic,
          hellmonk_ecumenical_altar_dog_temple, kennysheep_pointless_box
D:2:      layout_rooms, minmay_liquid_box, corexii_hall_statues_l,
          grunt_ministairs_3
D:3:      layout_basic, mainiacjoe_overflow_concentric_impassable
D:4:      layout_loops_cross, nicolae_overflow_squiral, serial_bayou_pond_b
D:5:      layout_rooms, lemuel_doored_altar, serial_corexii_hall,
          corexii_hall_statues_i, chequers_hall_statues_wall_a,
          kennysheep_small_square
D:6:      layout_loops_ring, xom_confusion_cloud,
          minmay_temple_entry_proselytizer, minmay_three_doors, uniq_pikel

Skill      XL: |  1  2  3  4  5  6  7 |
---------------+----------------------+-----
Fighting       | 4 5 6 |  6.4
Axes           | 5 6 7 8 9 |  9.2
Armour         | |  2.1
Dodging        | |  0.7

Action                   |  1- 3 |  4- 6 |  7- 9 || total
-------------------------+-------+-------+-------++-------
Melee: Hand axe          |    83 |       |       ||    83
       Flail             |    23 |   165 |    44 ||   232
       Punch             |     1 |     1 |       ||     2
Evoke: Piece from Xom's  |     1 |     1 |       ||     2
  Use: Potion            |       |     1 |       ||     1
Armor: Leather armour    |    35 |     3 |       ||    38
       Chain mail        |       |   123 |    27 ||   150
Dodge: Dodged            |    67 |    76 |    18 ||   161
